 Dungeon Crawl Stone Soup version 0.23.1 (webtiles) character file.

Game seed: 5414081650937301600

2981 Borgoz the Sneak (level 9, -3/68 HPs)
             Began as a Demonspawn Assassin on Mar 7, 2019.
             Was an Initiate of Ashenzari.
             Shot themself with a bolt of negative energy (8 damage)
             ... on level 7 of the Dungeon.
             The game lasted 00:21:15 (10527 turns).

Borgoz the Sneak (Demonspawn Assassin)             Turns: 10527, Time: 00:21:15

Health: -3/68      AC:  9    Str: 14    XL:     9   Next: 53%
Magic:  15/15      EV: 12    Int: 13    God:    Ashenzari [......]
Gold:   461        SH:  0    Dex: 15    Spells: 8/16 levels left

rFire    . . .     SeeInvis .   a - +2 dagger
rCold    . . .     Gourm    .   (no shield)
rNeg     . . .     Faith    .   t - +0 ring mail (curse)
rPois    .         Spirit   .   (helmet restricted)
rElec    .         Reflect  .   d - +0 cloak (curse)
rCorr    +         Harm     .   (no gloves)
MR       +....                  (no boots)
Stlth    +++.......             (no amulet)
HPRegen  0.21/turn              j - ring of resist corrosion
MPRegen  0.14/turn              w - ring of protection from magic

@: lethally poisoned (-3 -> -9), hasted, lightly drained, very quick
A: horns 1, thin metallic scales 2, foul stench 1, powered by pain 1, rot
immunity
a: Curse Item, Renounce Religion


You were on level 7 of the Dungeon.
You worshipped Ashenzari.
Ashenzari was noncommittal.
You were not hungry.

You visited 2 branches of the dungeon, and saw 8 of its levels.

You collected 461 gold pieces.

Inventory:

Hand Weapons
 a - a +2 dagger (weapon)
 b - a +0 blowgun
 h - a +2 quarterstaff of chaos
Missiles
 e - 51 poisoned needles
 f - 2 curare-tipped needles
 o - 5 throwing nets (quivered)
Armour
 d - a cursed +0 cloak (worn)
 m - a +2 cloak
 p - a +2 ring mail of cold resistance
 t - a cursed +0 ring mail (worn)
 z - a +0 leather armour
Jewellery
 j - a ring of resist corrosion (left hand)
 w - a ring of protection from magic (right hand)
 y - the amulet of the Air {Inacc +Fly rElec EV+5 RMsl}
   (You found it on level 4 of the Dungeon)

   [amulet of inaccuracy]

   It reduces the accuracy of all your attacks.
   It affects your evasion (+5).
   It insulates you from electricity.
   It lets you fly.
   It protects you from missiles.
Wands
 s - a wand of digging (8)
 B - a wand of random effects (9)
Scrolls
 c - a scroll of identify
 i - a scroll of remove curse
 k - a scroll of enchant weapon
 n - a scroll of fog
 v - a scroll of teleportation
Potions
 l - a potion of flight
Comestibles
 g - 12 rations
 q - 8 chunks of flesh


   Skills:
 + Level 5.1(4.6) Fighting
 * Level 6.5(6.0) Short Blades
 - Level 1.8(1.4) Throwing
 + Level 4.0(3.5) Armour
 + Level 4.2(3.7) Dodging
 + Level 6.5(6.0) Stealth
 + Level 4.0(3.5) Spellcasting
 + Level 3.1(2.6) Hexes


You had 8 spell levels left.
You knew the following spells:

 Your Spells              Type           Power        Failure   Level  Hunger
a - Confusing Touch       Hex            #.....       14%         1    #......
b - Confuse               Hex            #.......     41%         3    ###....
c - Leda's Liquefaction   Hex/Erth       #.........   94%         4    #####..

Your spell library contained the following spells:

 Spells                   Type           Power        Failure   Level  Hunger
 Gell's Gravitas          Tloc           #.........   78%         3    ###....
 Petrify                  Tmut/Erth      #.......     99%         4    #####..
 Bolt of Magma            Conj/Fire/Erth #.........   100%        5    ######.
 Metabolic Englaciation   Hex/Ice        #.........   100%        5    ######.
 Yara's Violent Unravell  Hex/Tmut       #.........   100%        5    ######.
 Iron Shot                Conj/Erth      #.........   100%        6    #######
 Statue Form              Tmut/Erth      #........    100%        6    #######
 Shatter                  Erth           #.........   100%        9    #######


Dungeon Overview and Level Annotations

Branches:
Dungeon (7/15)             Temple (1/1) D:4

Altars:
Ashenzari
Cheibriados
Dithmenos
Elyvilon
Fedhas
Gozag
Hepliaklqana
Kikubaaqudgha
Makhleb
Nemelex Xobeh
Okawaru
Qazlal
Ru
Trog
Uskayaw
Vehumet
Wu Jian
Xom
Yredelemnul
Zin
The Shining One


Innate Abilities, Weirdness & Mutations

You have a pair of small horns on your head.
You are mostly covered in thin metallic scales. (AC +3)
You may emit foul miasma when damaged in melee.
You sometimes gain a little power by taking damage.
You are immune to rotting.


Message History

You feel sick.
* * * LOW HITPOINT WARNING * * *
You feel sick.
* * * LOW HITPOINT WARNING * * *
You feel sick.
* * * LOW HITPOINT WARNING * * *
You feel sick.
* * * LOW HITPOINT WARNING * * *
You feel sick.
Aiming: Random Effects
Press: ? - help, Shift-Dir - straight line, f - you You feel yourself speed up.
* * * LOW HITPOINT WARNING * * *
You feel sick.
Evoke which item? (* to show all) (? for menu, Esc to quit)
Aiming: Random Effects
Press: ? - help, Shift-Dir - straight line, f - you That beam is likely to hit you.
Continue anyway?
The bolt of negative energy hits you!
You feel drained.
You die...

###################.### #
#.#.........#......#
####.#.#######.#....#รท#
.....#.#....##.######.#
.#.#.#.#.#.....>.# #.#
.'...#.#.#####.#.# #.#
)#.#.#.#..[..#.#.# #.#
.#.#.#.#####<#.#.# #.####
...#.#.......#.#@# #....#
####.#########.#.# ###.##
...#...........#.# #.#
...#........####.######.##
...#...>....+............#
...#........####.#########
...#........####.#
.#.#........+....#
.#.#........######


There were no monsters in sight!

Vanquished Creatures
  Harold (D:7)
  A human (D:6)
  Eustachio (D:4)
  2 phantoms
  An orc warrior (D:7)
  2 ice beasts
  3 ogres
  A centaur (D:6)
  Blork the orc (D:4)
  2 gnoll sergeants (D:6)
  A water moccasin skeleton (D:4)
  A scorpion (D:7)
  A killer bee (D:7)
  A crimson imp (D:7)
  An orc priest (D:7)
  Crazy Yiuf (D:5)
  4 hounds
  4 orc wizards
  4 iguanas
  6 worker ants
  9 gnolls
  5 adders
  3 shadow imps
  An ooze (D:4)
  An adder zombie (D:6)
  2 adder skeletons (D:4)
  A worm (D:3)
  4 dart slugs
  6 leopard geckos
  15 orcs
  5 bats
  7 giant cockroaches
  8 goblins
  10 hobgoblins
  11 jackals
  2 quokkas
  A ball python (D:1)
  3 frilled lizards
  A goblin skeleton (D:6)
  2 jackal skeletons
  5 kobolds
  A quokka zombie (D:5)
  6 rats
148 creatures vanquished.

Notes
Turn   | Place    | Note
-------+----------+-------------------------------------------
     0 | D:1      | Borgoz the Demonspawn Assassin began the quest for the Orb.
     0 | D:1      | Reached XP level 1. HP: 16/16 MP: 1/1
   308 | D:1      | Gained mutation: You are immune to rotting. [demonic
                  | ancestry]
   308 | D:1      | Reached XP level 2. HP: 22/22 MP: 2/2
   487 | D:1      | Reached skill level 1 in Dodging
  1170 | D:2      | Found a shadowy altar of Dithmenos.
  1241 | D:2      | Gained mutation: You are partially covered in thin metallic
                  | scales. (AC +2) [demonic ancestry]
  1241 | D:2      | Reached XP level 3. HP: 16/27 MP: 3/3
  2289 | D:3      | Reached XP level 4. HP: 28/34 MP: 4/4
  2960 | D:4      | Found the amulet of the Air {Inacc +Fly rElec EV+5 RMsl}
  2992 | D:4      | Found a staircase to the Ecumenical Temple.
  2993 | D:4      | Noticed Eustachio
  3001 | D:4      | Noticed Blork the orc
  3030 | D:3      | Gained mutation: You are mostly covered in thin metallic
                  | scales. (AC +3) [demonic ancestry]
  3030 | D:3      | Reached XP level 5. HP: 25/39 MP: 5/5
  3602 | D:4      | Reached skill level 1 in Armour
  3757 | D:4      | Killed Blork the orc
  3757 | D:4      | Reached skill level 1 in Spellcasting
  3757 | D:4      | Gained mutation: You may emit foul miasma when damaged in
                  | melee. [demonic ancestry]
  3757 | D:4      | Reached XP level 6. HP: 33/47 MP: 7/7
  3875 | Temple   | Entered the Ecumenical Temple
  3967 | Temple   | Became a worshipper of Ashenzari the Shackled
  4069 | D:4      | Reached skill level 5 in Stealth
  4550 | D:5      | Entered Level 5 of the Dungeon
  4917 | D:5      | HP: 2/47 [poisoned by a worker ant]
  5280 | D:5      | Gained mutation: You sometimes gain a little power by
                  | taking damage. [demonic ancestry]
  5280 | D:5      | Reached XP level 7. HP: 40/52 MP: 9/9
  5681 | D:5      | Found a runed translucent door.
  5682 | D:5      | Noticed Crazy Yiuf
  7178 | D:5      | Learned a level 1 spell: Confusing Touch
  7182 | D:5      | Learned a level 3 spell: Confuse
  7187 | D:5      | Learned a level 4 spell: Leda's Liquefaction
  7239 | D:5      | Killed Crazy Yiuf
  7750 | D:6      | Gained mutation: You have a pair of small horns on your
                  | head. [demonic ancestry]
  7750 | D:6      | Reached XP level 8. HP: 58/60 MP: 11/11
  7768 | D:6      | Found a runed translucent door.
  7772 | D:6      | Found a basalt altar of Yredelemnul.
  8282 | D:6      | Reached skill level 5 in Short Blades
  8282 | D:6      | Reached skill level 1 in Hexes
  8800 | D:7      | Noticed Harold
  8825 | D:7      | HP: 2/60 [Harold/+0 trident (5)]
  8827 | D:7      | Killed Harold
  8827 | D:7      | Reached XP level 9. HP: 3/66 MP: 12/14
  9715 | D:4      | Killed Eustachio
 10066 | D:7      | Reached skill level 5 in Fighting
 10527 | D:7      | Shot themself with a bolt of negative energy

Skill      XL: |  1  2  3  4  5  6  7  8  9 |
---------------+----------------------------+-----
Stealth        | 4 5 6 |  6.5
Dodging        | 1 2 3 4 |  4.2
Short Blades   | 2 3 4 5 6 |  6.5
Armour         | 1 2 3 4 |  4.0
Fighting       | 3 4 5 |  5.1
Spellcasting   | 1 2 3 4 |  4.0
Hexes          | 2 3 |  3.1
Throwing       | |  1.8

Action                   |  1- 3 |  4- 6 |  7- 9 || total
-------------------------+-------+-------+-------++-------
Melee: Dagger            |   165 |   283 |   559 ||  1007
       Headbutt          |       |       |    69 ||    69
 Fire: Blowgun           |       |       |     1 ||     1
 Cast: Confusing Touch   |       |       |     2 ||     2
Invok: Curse Item        |       |       |     1 ||     1
Evoke: Wand              |       |       |     1 ||     1
  Use: Potion            |     2 |     3 |     5 ||    10
       Scroll            |       |       |    12 ||    12
 Stab: Sleeping          |    10 |     6 |     6 ||    22
       Confused          |       |       |     2 ||     2
  Eat: Chunk             |     4 |     9 |    11 ||    24
       Ration            |       |       |     2 ||     2
Armor: Robe              |    39 |       |       ||    39
       Ring mail         |    14 |    86 |   172 ||   272
Dodge: Dodged            |    98 |   123 |   236 ||   457
